 Dungeon Crawl Stone Soup version 0.30.0 (webtiles) character file.

Game seed: 4957256102707149613

70 trev101 the Cutter (level 4, 0/41 HPs)
             Began as a Gnoll Cinder Acolyte on Jan 3, 2024.
             Was a Follower of Cheibriados.
             Slain by an orc priest
             ... wielding a +0 flail
              (3 damage)
             ... on level 6 of the Dungeon on Jan 7, 2024.
             The game lasted 00:30:06 (1795 turns).

trev101 the Cutter (Gnoll Cinder Acolyte)           Turns: 1795, Time: 00:30:06

Health: 0/41       AC:  8    Str: 19 (20) XL:     4   Next: 21%
Magic:  5/7        EV:  9    Int: 20 (22) God:    Cheibriados [*.....]
Gold:   137        SH:  0    Dex:  9 (12) Spells: 9/9 levels left

rFire   . . .        a - -1 short sword (flame)
rCold   . . .        (no shield)
rNeg    . . .        c - +1 scale mail
rPois   .            s - -1 helmet "Juucumiq" {Str+3}
rElec   .            (no cloak)
rCorr   .            j - +0 pair of gloves
SInv    .            (no boots)
Will    .....        (no amulet) Stlth
                     h - +6 ring of intelligence
HPRegen 0.00/turn    (no ring)
MPRegen 0.10/turn

%: no passive effects
@: inhibited regen, fire susceptible, very slow
A: fangs 1, strong nose, distributed training, claws 1, low MP 1, inhibited
regeneration
a: Renounce Religion, Bend Time


You were on level 6 of the Dungeon.
You worshipped Cheibriados.
Cheibriados was aware of your devotion.
You visited 1 branch of the dungeon, and saw 4 of its levels.

You collected 137 gold pieces.

Inventory:

Hand Weapons
 a - a -1 short sword of flaming (weapon)
 e - a +0 dagger
 i - a +0 short sword
 l - a +0 dagger
 m - a +0 dagger
 p - a +0 dagger
 q - a +0 whip
Missiles
 n - 5 poisoned darts (quivered)
Armour
 b - a +0 robe
 c - a +1 scale mail (worn)
 f - a +0 robe
 j - a +0 pair of gloves (worn)
 o - a +0 helmet
 r - a +0 animal skin
 s - the -1 helmet "Juucumiq" (worn) {Str+3}
   (You took it off Robin on level 2 of the Dungeon)

   Str:       It affects your strength (+3).
Jewellery
 h - a +6 ring of intelligence (left hand)


   Skills:
 + Level 6.6 Fighting
 + Level 6.6 Short Blades
 + Level 1.1 Long Blades
 + Level 1.1 Axes
 + Level 1.1 Maces & Flails
 + Level 1.1 Polearms
 + Level 1.1 Staves
 + Level 1.1 Ranged Weapons
 + Level 1.1 Throwing
 + Level 1.1 Armour
 + Level 1.1 Dodging
 + Level 1.1 Stealth
 + Level 1.1 Shields
 + Level 1.1 Unarmed Combat
 + Level 3.0 Spellcasting
 + Level 0.8 Conjurations
 + Level 0.8 Hexes
 + Level 0.8 Summonings
 + Level 0.8 Necromancy
 + Level 0.8 Translocations
 + Level 0.8 Transmutations
 + Level 5.4 Fire Magic
 + Level 0.8 Ice Magic
 + Level 0.8 Air Magic
 + Level 0.8 Earth Magic
 + Level 0.8 Poison Magic
 + Level 1.2 Invocations
 + Level 1.1 Evocations


You had 9 spell levels left.
You didn't know any spells.
Your spell library contained the following spells:

 Spells                   Type           Power      Damage    Failure   Level
 Scorch                   Fire           48%        2d7       7%          2
 Volatile Blastmotes      Fire/Tloc      30%        2d12      34%         3
 Dazzling Flash           Conj/Hex       12%        N/A       67%         3
 Iskenderun's Mystic Bla  Conj/Tloc      6%         2d4       97%         4
 Starburst                Conj/Fire      7%         6d4       100%        6


Dungeon Overview and Level Annotations

Branches:
Dungeon (3/15)             Temple (0/1) D:6

Altars:
Cheibriados

Shops:
D:1 [


Innate Abilities, Weirdness & Mutations

You have very sharp teeth.
Your uncanny sense of smell can sniff out nearby items.
Your experience applies equally to all skills.
You have sharp fingernails.
Your magical capacity is low. (-10% MP)
You do not regenerate when monsters are visible.


Message History

The orc priest hits you with a +0 flail.
* * * LOW HITPOINT WARNING * * *
You feel much better. The orc barely misses you. The iguana closely misses you.
The orc hits you but does no damage.
The orc priest hits you with a +0 flail!
You hit the orc but do no damage. The orc hits you but does no damage.
You hit the orc but do no damage. Your bite misses the orc.
The iguana closely misses you. The orc hits you but does no damage.
You hit the orc. You burn the orc. You bite the orc, but do no damage.
The orc is moderately wounded.
The orc hits you from afar with a +0 trident.
The orc priest invokes the aid of Beogh against you.
You barely resist. You hit the orc but do no damage.
The orc is moderately wounded.
The iguana closely misses you. The orc hits you but does no damage.
The orc closely misses you.
You hit the orc. You burn the orc.
You kill the orc!
The orc priest completely misses you.
You hit the orc priest but do no damage.
The orc hits you but does no damage. The iguana bites you!
* * * LOW HITPOINT WARNING * * *
You hit the orc priest but do no damage.
Your bite misses the orc priest. The orc barely misses you.
You hit the orc priest. You burn the orc priest.
Your bite misses the orc priest.
The orc priest is lightly wounded.
The iguana bites you!
* * * LOW HITPOINT WARNING * * *
The orc priest hits you but does no damage.
You hit the orc priest but do no damage.
The orc priest is lightly wounded.
The orc barely misses you.
The air fills with toxic fumes!
As you read the scroll labelled YHITYA RACIRCH, it crumbles to dust.
It was a scroll of poison.
The orc closely misses you. The iguana closely misses you.
The orc priest hits you with a +0 flail.
You die...

#.# ##...##
#.# ..+## #.#
..# ##.## ...#
#§#§# .#
##§##### ...
#§##.. ....
##§##.# .o.l.
#§@o#.##......
#§§lo§§§§§.(>.
#§§§##§#§§....
######.# .⌠...
#.. .... ###.
... #. .# .# #
.


You could see an iguana (slow), an orc priest (slow) and an orc.

Vanquished Creatures
  Robin (D:2)
  2 worms
  4 orcs
  2 endoplasms
  A giant cockroach (D:2)
  7 goblins
  5 hobgoblins
  2 jackals (D:1)
  3 quokkas
  6 bats
  5 frilled lizards
  5 kobolds
  7 rats (D:1)
50 creatures vanquished.

Vanquished Creatures (others)
  9 foxfires (D:1)
9 creatures vanquished.

Grand Total: 59 creatures vanquished

Notes
Turn   | Place    | Note
-------+----------+-------------------------------------------
     0 | D:1      | trev101 the Gnoll Cinder Acolyte began the quest for the
                  | Orb.
     0 | D:1      | Reached XP level 1. HP: 23/23 MP: 4/4
    75 | D:1      | Reached XP level 2. HP: 19/29 MP: 5/5
   142 | D:1      | Found Poihisa's Antique Armour Shoppe.
   213 | D:1      | Found a faded altar of an unknown god.
   370 | D:1      | You fall into a shaft and drop 1 floor!
   468 | D:1      | Prayed at the altar of an unknown god.
   468 | D:1      | Fell from the grace of Ignis
   468 | D:1      | Became a worshipper of Cheibriados the Contemplative
   468 | D:1      | Reached * piety under Cheibriados
   665 | D:2      | Reached XP level 3. HP: 35/35 MP: 7/7
   979 | D:2      | Reached skill level 1 in Invocations
  1380 | D:3      | Identified the -1 helmet "Juucumiq" {Str+3}
  1380 | D:3      | Noticed Robin
  1385 | D:3      | Reached skill level 1 in Long Blades
  1385 | D:3      | Reached skill level 1 in Axes
  1385 | D:3      | Reached skill level 1 in Maces & Flails
  1385 | D:3      | Reached skill level 1 in Polearms
  1385 | D:3      | Reached skill level 1 in Staves
  1385 | D:3      | Reached skill level 1 in Ranged Weapons
  1385 | D:3      | Reached skill level 1 in Throwing
  1385 | D:3      | Reached skill level 1 in Armour
  1385 | D:3      | Reached skill level 1 in Dodging
  1385 | D:3      | Reached skill level 1 in Stealth
  1385 | D:3      | Reached skill level 1 in Shields
  1385 | D:3      | Reached skill level 1 in Unarmed Combat
  1385 | D:3      | Reached skill level 1 in Evocations
  1432 | D:2      | Killed Robin
  1433 | D:2      | Reached XP level 4. HP: 35/41 MP: 6/8
  1447 | D:2      | Gained mutation: You do not regenerate when monsters are
                  | visible. [potion of mutation]
  1447 | D:2      | Gained mutation: Your magical capacity is low. (-10% MP)
                  | [potion of mutation]
  1447 | D:2      | Gained mutation: You have sharp fingernails. [potion of
                  | mutation]
  1714 | D:3      | You fall into a shaft and drop 3 floors!
  1766 | D:6      | Found a staircase to the Ecumenical Temple.
  1795 | D:6      | Slain by an orc priest

Illustrated notes

Levels and vault maps discovered:
D:1:      dpeg_arrival_erosion, layout_basic, serial_shops,
          nicolae_diamond_shop, ebering_ecumenical_altar_mist,
          minmay_misc_feat_chi, chequers_mini_garden
D:2:      layout_loops_ring
D:3:      minmay_inner_zag, layout_loops_cross, serial_shops, shop,
          minmay_crystal_room, uniq_robin, uniq_terence
D:6:      layout_loops_corners, mainiacjoe_overflow_24_doors,
          minmay_temple_entry_large_hall, gammafunk_ghost_split

Skill      XL: |  1  2  3  4 |
---------------+-------------+-----
Invocations    | 1 |  1.2
Long Blades    | 1 |  1.1
Axes           | 1 |  1.1
Maces & Flails | 1 |  1.1
Polearms       | 1 |  1.1
Staves         | 1 |  1.1
Ranged Weapons | 1 |  1.1
Throwing       | 1 |  1.1
Armour         | 1 |  1.1
Dodging        | 1 |  1.1
Stealth        | 1 |  1.1
Shields        | 1 |  1.1
Unarmed Combat | 1 |  1.1
Evocations     | 1 |  1.1
Spellcasting   | 3 |  3.0
Fighting       | |  6.6
Short Blades   | |  6.6
Conjurations   | |  0.8
Hexes          | |  0.8
Summonings     | |  0.8
Necromancy     | |  0.8
Translocations | |  0.8
Transmutations | |  0.8
Fire Magic     | |  5.4
Ice Magic      | |  0.8
Air Magic      | |  0.8
Earth Magic    | |  0.8
Poison Magic   | |  0.8

Action                     |  1- 3 |  4- 6 || total
---------------------------+-------+-------++-------
  Melee: Short sword       |   158 |    37 ||   195
         Bite              |    13 |     9 ||    22
         Punch             |     2 |     1 ||     3
  Throw: Javelin           |     8 |     3 ||    11
         Dart              |       |     1 ||     1
 Invoke: Foxfire Swarm     |     1 |       ||     1
         Bend Time         |     2 |     1 ||     3
    Use: Scroll            |     2 |     1 ||     3
         Potion            |     1 |     6 ||     7
 Armour: Robe              |     8 |       ||     8
         Scale mail        |    68 |    19 ||    87
  Dodge: Dodged            |    82 |    23 ||   105
